 Dungeon Crawl Stone Soup version 0.21.0-25-ge575cb9 (webtiles) character file.

14435 AdmiralAndromeda the Slicer (level 12, -2/77 HPs)
             Began as a Kobold Berserker on Jan 25, 2018.
             Was a High Priest of Trog.
             Slain by a polar bear (3 damage)
             ... in an ice cave.
             The game lasted 00:37:08 (13416 turns).

AdmiralAndromeda the Slicer (Kobold Berserker)     Turns: 13416, Time: 00:37:09

Health: -2/77      AC: 14    Str: 18    XL:     12   Next: 45%
Magic:  17/17      EV: 21    Int:  8    God:    Trog [*****.]
Gold:   952        SH:  0    Dex: 20    Spells: 11/11 levels left

rFire    . . .     SeeInvis +   F - +2 rapier (flame)
rCold    . . .     Gourm    .   (shield restricted)
rNeg     . . .     Faith    .   R - +3 ring mail of Uneivi {Str+4 SInv}
rPois    .         Spirit   .   B - +1 helmet
rElec    .         Reflect  .   w - +0 cloak
rCorr    .         Harm     .   (no gloves)
MR       .....                  A - +0 pair of boots
Stlth    ++++......             (no amulet)
HPRegen  0.22/turn              e - ring of flight
MPRegen  0.15/turn              g - ring of stealth

@: berserk cooldown, slowed, very slow
A: small, carnivore
a: Berserk, Trog's Hand, Brothers in Arms, Burn Spellbooks, Renounce Religion,
Evoke Flight


You were in an ice cave.
You worshipped Trog.
Trog was extremely pleased with you.
You were very full.

You visited 1 branch of the dungeon, and saw 12 of its levels.
You also visited: Ice Cave.

You collected 952 gold pieces.

Inventory:

Hand Weapons
 a - a +0 short sword
 v - a +0 falchion
 y - a +0 short sword of draining
 F - a +2 rapier of flaming (weapon)
 H - a +4 scimitar
 Q - a +3 dagger
 S - a +1 vampiric trident
 T - a +5 dagger of venom
Missiles
 s - 11 tomahawks (quivered)
Armour
 b - a +0 animal skin
 i - a +0 ring mail
 w - a +0 cloak (worn)
 A - a +0 pair of boots (worn)
 B - a +1 helmet (worn)
 C - a +2 ring mail of poison resistance
 G - a +0 scale mail of fire resistance
 O - a +0 shield
 P - a +3 ring mail
 R - the +3 ring mail of Uneivi (worn) {Str+4 SInv}
   (You took it off an orc priest on level 11 of the Dungeon)

   It affects your strength (+4).
   It lets you see invisible.
Jewellery
 e - a ring of flight (left hand)
 g - a ring of stealth (right hand)
Wands
 m - a wand of iceblast (13)
 I - a wand of paralysis (28)
 L - a wand of polymorph (15)
 N - a wand of digging (9)
Scrolls
 d - 4 scrolls of identify
 l - 4 scrolls of remove curse
 q - 2 scrolls of fog
 r - 2 scrolls of fear
 J - a scroll of enchant armour
 K - a scroll of teleportation
Potions
 f - 2 potions of invisibility {unknown}
 h - 3 potions of magic
 j - 3 potions of lignification
 k - a potion of berserk rage {unknown}
 n - a potion of agility {unknown}
 o - a potion of might {unknown}
 p - 3 potions of curing
 t - 2 potions of brilliance {unknown}
 u - a potion of mutation {unknown}
 x - a potion of resistance {unknown}
 z - a potion of flight {unknown}
 D - 3 potions of heal wounds
 E - 3 potions of haste
Miscellaneous
 M - a fan of gales
Comestibles
 c - 25 rations


   Skills:
 + Level 9.7 Fighting
 - Level 14.0 Short Blades
 + Level 6.5 Armour
 * Level 9.9 Dodging
 - Level 8.1 Stealth
 * Level 7.4 Evocations


You had 11 spell levels left.
You didn't know any spells.

Dungeon Overview and Level Annotations

Branches:
Dungeon (12/15)            Temple (0/1) D:7            Lair (0/6) D:8
    Orc (0/2) D:10

Altars:
Cheibriados
Fedhas
Gozag
Hepliaklqana
Makhleb
Nemelex Xobeh
Okawaru
Sif Muna
Uskayaw
Vehumet
Wu Jian
Xom
Zin
The Shining One

Shops:
D:4 *   D:6 *   D:7 *


Innate Abilities, Weirdness & Mutations

You are small and have problems with some larger weapons.
You are carnivorous and can eat meat at any time.


Message History

You are no longer berserk.
You are exhausted.
You feel yourself slow down. The polar bear barely misses you. x2
The polar bear claws you but does no damage.
Things that are here:
a wolf corpse; a polar bear corpse x2
The polar bear bites you but does no damage.
The polar bear barely misses you. x2; The polar bear completely misses you.
The polar bear claws you but does no damage. x2
You hit the polar bear. You burn the polar bear.
The polar bear is heavily wounded.
You hit the polar bear. You burn the polar bear.
The polar bear is severely wounded.
The polar bear bites you!
* * * LOW HITPOINT WARNING * * *
The polar bear misses you. The polar bear completely misses you.
Your ring mail of Uneivi prevents you from hitting the polar bear.
The polar bear is severely wounded.
The polar bear bites you.
You die...

# ##hh# ## #.†.##
.### #.#hh# ...##
h. ##.## #...##
#.h #..# #.#..##
## ####.# ###...#
##.##.# ###.#.#
#.#†h.# ##.##.##
#####@## .##.#..#
#.##..# .##.#.##
##.#..## #.#.#.##
##.....#
..#..#÷###.#...##
..###...##..#.##
.## #.#.#..####
..# ###...## .##
##.##


You could see a polar bear.

Vanquished Creatures
  Erolcha (D:9)
  A hydra (D:11)
  A two-headed ogre (D:11)
  A tengu warrior (D:10)
  2 death yaks (IceCv)
  An ugly thing (D:12)
  An ice statue (IceCv)
  Joseph (D:7)
  A gargoyle (D:12)
  7 polar bears (IceCv)
  A hippogriff (D:6)
  A wyvern (D:8)
  4 yaks (IceCv)
  Grum (D:9)
  A water moccasin (D:10)
  Duvessa (D:5)
  5 orc warriors
  A necrophage (D:7)
  2 ice beasts
  2 black bears
  3 ogres
  A phantom (D:10)
  18 wolves
  A centaur (D:7)
  A big kobold (D:7)
  6 bullfrogs
  A gnoll sergeant (D:9)
  A wyvern skeleton (D:8)
  Dowan (D:5)
  A water moccasin zombie (D:6)
  2 scorpions (D:6)
  4 wights (D:8)
  A bullfrog zombie (D:10)
  A howler monkey (D:5)
  2 centaur zombies
  3 crimson imps
  10 orc priests
  A hound (D:4)
  A jelly (D:8)
  16 orc wizards
  Crazy Yiuf (D:7)
  A bullfrog skeleton (D:6)
  4 iguanas
  11 worker ants
  A hound zombie (D:8)
  A hound skeleton (D:4)
  A worker ant zombie (D:7)
  A howler monkey skeleton (D:6)
  3 gnolls (D:9)
  12 adders
  3 shadow imps (D:7)
  2 oozes
  An adder skeleton (D:8)
  2 worms
  2 dart slugs (D:1)
  7 leopard geckos
  53 orcs
  10 bats
  9 giant cockroaches
  4 goblins
  4 hobgoblins
  5 jackals
  6 quokkas
  2 ball pythons
  A ball python zombie (D:5)
  8 frilled lizards
  5 kobolds
  A leopard gecko skeleton (D:6)
  A leopard gecko zombie (D:8)
  A quokka skeleton (D:5)
  11 rats
285 creatures vanquished.

Vanquished Creatures (collateral kills)
  An ugly thing (D:11)
  A troll (D:11)
  5 centaurs (D:11)
  A necrophage (D:11)
  A bullfrog (D:11)
  3 wights (D:11)
  3 orc priests (D:11)
  3 orcs (D:11)
18 creatures vanquished.

Grand Total: 303 creatures vanquished

Notes
Turn   | Place    | Note
-------+----------+-------------------------------------------
     0 | D:1      | AdmiralAndromeda the Kobold Berserker began the quest for the Orb.
     0 | D:1      | Reached XP level 1. HP: 14/14 MP: 1/1
   142 | D:1      | Reached XP level 2. HP: 19/19 MP: 2/2
   534 | D:1      | Reached skill level 1 in Stealth
   534 | D:1      | Reached XP level 3. HP: 12/23 MP: 3/3
   535 | D:1      | Reached ** piety under Trog
   731 | D:1      | Reached skill level 5 in Short Blades
  1305 | D:2      | Found a glowing golden altar of the Shining One.
  1491 | D:2      | Found an iron altar of Okawaru.
  1551 | D:2      | Found a glowing golden altar of the Shining One.
  1811 | D:2      | Found a deep blue altar of Sif Muna.
  1935 | D:3      | Reached XP level 4. HP: 19/29 MP: 4/4
  2339 | D:3      | Found a hide-covered altar of Uskayaw.
  2340 | D:3      | Noticed a dagger
  2341 | D:3      | Noticed a hand axe
  3005 | D:3      | Reached skill level 6 in Short Blades
  3005 | D:3      | Reached XP level 5. HP: 33/33 MP: 5/5
  3528 | D:4      | Noticed a bullfrog
  3536 | D:4      | Killed a bullfrog
  3536 | D:4      | Reached XP level 6. HP: 33/38 MP: 6/6
  3580 | D:4      | Found a sparkling altar of Nemelex Xobeh.
  3622 | D:4      | Reached skill level 7 in Short Blades
  3630 | D:4      | Reached *** piety under Trog
  3969 | D:4      | Reached XP level 7. HP: 24/44 MP: 7/7
  4055 | D:4      | Found a blossoming altar of Fedhas.
  4107 | D:4      | Found Zaud's Elemental Accessories.
  4119 | D:4      | Reached skill level 8 in Short Blades
  4391 | D:5      | Entered Level 5 of the Dungeon
  4542 | D:5      | Found a snail-covered altar of Cheibriados.
  4549 | D:5      | Reached skill level 5 in Stealth
  4781 | D:5      | Found a shimmering altar of Xom.
  4784 | D:5      | Noticed Duvessa
  4784 | D:5      | Noticed Dowan
  4913 | D:5      | Killed Duvessa
  4913 | D:5      | Reached skill level 9 in Short Blades
  4915 | D:5      | Reached XP level 8. HP: 48/48 MP: 8/8
  4921 | D:5      | Killed Dowan
  5111 | D:5      | Found a radiant altar of Vehumet.
  5111 | D:5      | Found a hazy altar of Hepliaklqana.
  5355 | D:6      | Found Zin's Purification Station.
  5554 | D:6      | Reached skill level 5 in Fighting
  5554 | D:6      | Reached skill level 10 in Short Blades
  5796 | D:6      | Found a glowing silver altar of Zin.
  6089 | D:6      | Found a burning altar of Makhleb.
  6250 | D:6      | Reached **** piety under Trog
  6417 | D:7      | Noticed a hippogriff
  6424 | D:6      | Killed a hippogriff
  6424 | D:6      | Reached skill level 11 in Short Blades
  6424 | D:6      | Reached XP level 9. HP: 54/54 MP: 9/9
  6551 | D:7      | Found an ornate altar of the Wu Jian Council.
  6920 | D:7      | Found Gozag's Platinum Reserve.
  6952 | D:7      | Found an opulent altar of Gozag.
  7080 | D:7      | Reached skill level 12 in Short Blades
  7135 | D:7      | Found a staircase to the Ecumenical Temple.
  7433 | D:7      | Noticed Joseph
  7455 | D:7      | Killed Joseph
  7455 | D:7      | Reached skill level 13 in Short Blades
  7529 | D:7      | Found a runed door.
  7533 | D:7      | Noticed Crazy Yiuf
  7537 | D:7      | Killed Crazy Yiuf
  7769 | D:8      | Found a staircase to the Lair.
  8011 | D:8      | Reached skill level 1 in Evocations
  8011 | D:8      | Reached XP level 10. HP: 60/60 MP: 10/10
  8553 | D:9      | Reached skill level 14 in Short Blades
  9058 | D:9      | Reached ***** piety under Trog
  9560 | D:9      | Noticed Grum
  9561 | D:9      | Noticed Erolcha
  9577 | D:9      | Killed Erolcha
  9600 | D:9      | Killed Grum
  9600 | D:9      | Reached skill level 5 in Dodging
 10000 | D:10     | Entered Level 10 of the Dungeon
 10394 | D:10     | Noticed a tengu warrior
 10398 | D:10     | Killed a tengu warrior
 10398 | D:10     | Reached XP level 11. HP: 67/67 MP: 14/14
 10769 | D:10     | Found a staircase to the Orcish Mines.
 10961 | D:11     | Reached skill level 5 in Evocations
 11091 | D:11     | Noticed a seven-headed hydra
 11109 | D:11     | Killed a seven-headed hydra
 11109 | D:11     | Reached skill level 5 in Armour
 11178 | D:11     | Noticed a two-headed ogre
 11186 | D:11     | Killed a two-headed ogre
 11460 | D:11     | Noticed a purple ugly thing
 11471 | D:11     | Killed a purple ugly thing
 11534 | D:11     | Got a jewelled ring mail
 11645 | D:11     | Identified the +3 ring mail of Uneivi {Str+4 SInv} (You took it off an orc priest on level 11 of the Dungeon)
 12041 | D:12     | Noticed a brown ugly thing
 12060 | D:12     | Killed a brown ugly thing
 12169 | D:12     | Found a frozen archway.
 12228 | IceCv    | Entered an ice cave
 12420 | IceCv    | HP: 4/103 [something (6)]
 12743 | IceCv    | Reached XP level 12. HP: 75/75 MP: 16/16
 12988 | IceCv    | Noticed a death yak
 12988 | IceCv    | Noticed a death yak
 13020 | IceCv    | Killed a death yak
 13038 | IceCv    | Killed a death yak
 13367 | IceCv    | Received a gift from Trog
 13415 | IceCv    | HP: 1/77 [polar bear (12)]
 13416 | IceCv    | Slain by a polar bear

Skill      XL: |  1  2  3  4  5  6  7  8  9 10 11 12 |
---------------+-------------------------------------+-----
Stealth        | 1 2 3 4 6 7 8 |  8.1
Short Blades   | 5 6 7 9 11 13 14 | 14.0
Fighting       | 4 5 6 7 8 9 |  9.7
Evocations     | 1 4 6 7 |  7.4
Armour         | 4 5 6 |  6.5
Dodging        | 5 8 9 |  9.9

Action                   |  1- 3 |  4- 6 |  7- 9 | 10-12 || total
-------------------------+-------+-------+-------+-------++-------
Melee: Short sword       |   160 |   196 |    73 |       ||   429
       Rapier            |       |       |   299 |   604 ||   903
Invok: Burn Spellbooks   |     1 |       |     2 |     1 ||     4
       Berserk           |       |     2 |     8 |    13 ||    23
       Trog's Hand       |       |       |     2 |     1 ||     3
       Brothers in Arms  |       |       |       |     2 ||     2
 Abil: Evoke Flight      |       |       |     1 |       ||     1
Evoke: Wand              |       |       |       |     5 ||     5
  Use: Scroll            |       |       |    10 |     9 ||    19
       Potion            |       |       |       |     1 ||     1
 Stab: Sleeping          |     5 |     5 |    13 |    11 ||    34
       Distracted        |       |     1 |       |     1 ||     2
  Eat: Chunk             |    10 |    10 |    20 |    31 ||    71
Armor: Animal skin       |    19 |       |       |       ||    19
       Ring mail         |     3 |    32 |    63 |    80 ||   178
Dodge: Dodged            |   120 |   136 |   152 |   322 ||   730
